 Dungeon Crawl Stone Soup version 0.28.0-53-g5a82cb258f (webtiles) character file.

Game seed: 14409775091042908049

111 Sin92 the Skirmisher (level 4, -8/35 HPs)
             Began as a Demonspawn Fighter on Aug 15, 2022.
             Mangled by a two-headed ogre
             ... wielding a +0 giant club
              (14 damage)
             ... on level 6 of the Dungeon.
             The game lasted 00:03:32 (2101 turns).

Sin92 the Skirmisher (Demonspawn Fighter)           Turns: 2101, Time: 00:03:33

Health: -8/35      AC:  8    Str: 19    XL:     4   Next: 62%
Magic:  0/4        EV:  9    Int:  9    God:
Gold:   122        SH:  4    Dex: 12    Spells: 3/3 levels left

rFire   . . .      SeeInvis .   a - +0 flail
rCold   . . .      Faith    .   c - +0 buckler
rNeg    . . .      Spirit   +   b - +0 scale mail
rPois   .          Reflect  .   (helmet restricted)
rElec   .          Harm     .   e - +0 cloak
rCorr   .          Rampage  .   (no gloves)
Will    ++...                   (no boots)
Stlth   ..........              g - amulet of guardian spirit
HPRegen 0.11/turn               h - ring of willpower
MPRegen 0.09/turn               n - ring of willpower

@: no status effects
A: horns 1, powered by death 2
a: no special abilities


You were on level 6 of the Dungeon.
You visited 1 branch of the dungeon, and saw 6 of its levels.

You collected 122 gold pieces.

Inventory:

Hand Weapons
 a - a +0 flail (weapon)
Armour
 b - a +0 scale mail (worn)
 c - a +0 buckler (worn)
 e - a +0 cloak (worn)
Jewellery
 g - an amulet of guardian spirit (around neck)
 h - a ring of willpower (left hand)
 n - a ring of willpower (right hand)
Scrolls
 i - 3 scrolls of teleportation
Potions
 d - a potion of might
 j - 3 potions of lignification
 m - a potion of attraction {unknown}


   Skills:
 + Level 3.5 Fighting
 * Level 3.1 Maces & Flails
 + Level 3.2 Armour
 + Level 3.2 Shields


You had 3 spell levels left.
You didn't know any spells.
Your spell library contained the following spells:

 Spells                   Type           Power      Damage    Failure   Level
 Sting                    Tmut/Pois      0%         1d3       85%         1
 Poisonous Vapours        Pois/Air       0%         N/A       94%         2
 Olgreb's Toxic Radiance  Pois           0%         N/A       100%        4


Dungeon Overview and Level Annotations

Branches:
Dungeon (7/15)
 Temple: D:4-7

Altars:
Gozag
Trog


Innate Abilities, Weirdness & Mutations

You have a pair of small horns on your head.
You regenerate health from kills.


Message History

Items here: ( )) ††.
No target in view!
Things that are here:
a +0 short sword; 3 boomerangs; an orc corpse No target in view!
Items here: ( )) ††.
Things that are here:
a +0 flail; an orc corpse No target in view!
You now have 122 gold pieces (gained 17).
Found a whip.
No target in view!
A sourceless malevolence fills the Dungeon...
You fall into a shaft and drop 3 floors!
The shaft crumbles and collapses.
Found a rapier.
Found a stone staircase leading up.
There is a stone staircase leading up here.
You climb upwards.
There is a stone staircase leading down here.
A two-headed ogre comes into view. It is wielding two +0 giant clubs.
The two-headed ogre shouts in stereo!
As you read the scroll of summoning, it crumbles to dust.
Wisps of shadow whirl around you...
A bullfrog zombie and a hornet zombie come into view.
The two-headed ogre closely misses your orc wizard.
The two-headed ogre misses your orc wizard.
A centaur zombie comes into view.
The bullfrog zombie moves out of view.
Found a scroll of noise.
Your adder bites the two-headed ogre but does no damage.
Your adder barely misses the two-headed ogre.
The two-headed ogre hits you with a +0 giant club!
The two-headed ogre barely misses you.
Unknown command.
You closely miss the two-headed ogre. The hornet zombie hits your orc wizard.
The two-headed ogre hits you with a +0 giant club!!
Ouch! That really hurt!
* * * LOW HITPOINT WARNING * * *
The two-headed ogre hits you with a +0 giant club!
You die...

..♣.... ♣......
.♣..... ..♣....
.....Z. .....ZZ###
########
#....So.####......#
#....O@o.o##......#
#.......##loo.>....#
........####..##.###
#.......# ##....#
#.......# ###....
#.......# .....
.......?# ....
........# .... ...


You could see a two-headed ogre (ally target), a bullfrog zombie, a hornet
zombie, a centaur zombie, a friendly orc warrior (summoned), a friendly iguana
(summoned), 2 friendly orc wizards, a friendly adder (summoned) and 2 friendly
orcs.

Vanquished Creatures
  3 adders
  2 adder skeletons (D:4)
  3 dart slugs
  6 orcs
  6 ball pythons
  4 bats
  5 endoplasms
  A giant cockroach (D:2)
  7 goblins
  6 hobgoblins
  9 kobolds
  5 quokkas
  A frilled lizard (D:2)
  4 rats
62 creatures vanquished.

Notes
Turn   | Place    | Note
-------+----------+-------------------------------------------
     0 | D:1      | Sin92 the Demonspawn Fighter began the quest for the Orb.
     0 | D:1      | Reached XP level 1. HP: 18/18 MP: 1/1
    60 | D:1      | Gained mutation: You regenerate a little health from kills.
                  | [demonic ancestry]
    60 | D:1      | Reached XP level 2. HP: 8/24 MP: 2/2
   611 | D:1      | Gained mutation: You have a pair of small horns on your
                  | head. [demonic ancestry]
   611 | D:1      | Reached XP level 3. HP: 28/29 MP: 3/3
   973 | D:2      | Found an opulent altar of Gozag.
  1580 | D:3      | Gained mutation: You regenerate health from kills. [demonic
                  | ancestry]
  1580 | D:3      | Reached XP level 4. HP: 35/35 MP: 4/4
  1590 | D:3      | Found a bloodstained altar of Trog.
  1694 | D:3      | Found a faded altar of an unknown god.
  2082 | D:4      | You fall into a shaft and drop 3 floors!
  2095 | D:6      | Noticed a two-headed ogre
  2101 | D:6      | Mangled by a two-headed ogre

Illustrated notes

Levels and vault maps discovered:
D:1:      minmay_arrival_shattered_statue, layout_basic, eino_curves_03,
          minmay_door_square
D:2:      layout_basic, basic_altar
D:3:      layout_basic, trog_hazing_becter,
          shapermc_ecumenical_altar_mp_highgroup
D:4:      layout_cave_pools
D:6:      layout_rooms, nicolae_ru_awakened_eye, lemuel_doored_altar,
          nicolae_yredelemnul_corpse_copse
D:7:      minmay_the_grid_triangle_9x9_recursive_2
          [minmay_the_grid_triangle_9x9_prize_insulated,
          minmay_the_grid_triangle_9x9_zippers_horizontal,
          minmay_the_grid_triangle_9x9_negative_grid,
          minmay_the_grid_triangle_9x9_thin_v], layout_rooms,
          minmay_temple_entry_offerings, grunt_decor_resistance, uniq_menkaure

Skill      XL: |  1  2  3  4 |
---------------+-------------+-----
Maces & Flails | 2 3 |  3.1
Shields        | 3 |  3.2
Armour         | 3 |  3.2
Fighting       | |  3.5

Action                   |  1- 3 |  4- 6 || total
-------------------------+-------+-------++-------
Melee: Flail             |   113 |    51 ||   164
       Headbutt          |     7 |     7 ||    14
  Use: Scroll            |       |     6 ||     6
Armor: Scale mail        |    68 |    26 ||    94
Dodge: Dodged            |    50 |    28 ||    78
Block: Buckler           |    26 |    11 ||    37
